PAAA
KEY WEST CORAL REEFERS @ BLOOMINGTON LONGNECKS
09/02/2032
 
TOP OF THE 1ST
Key West Coral Reefers batting - Pitching for Bloomington Longnecks : RHP Pedro Lara
Pitching: RHP Pedro Lara
Batting: SHB Juan Torres 0-0: Ball
1-0: Ground out 4-3 (Groundball, 4)
Batting: RHB Quindarious Monday 0-0: Ball
1-0: Ball
2-0: Ball
3-0: Called Strike
3-1: Foul Ball, location: 2F
3-2: SINGLE (Flyball, 3D)
Batting: LHB Ricardo Collazo 0-0: Ball
Wild Pitch!
Quindarious Monday to second
1-0: Called Strike
1-1: Ball
2-1: DOUBLE (Line Drive, 78D)
Quindarious Monday scores
Batting: SHB Dave Atkins 0-0: Ball
1-0: Swinging Strike
1-1: Ball
2-1: Fly out, F9 (Line Drive, 89XD)
Runner from 2nd tags up, SAFE at 3rd, no throw
Batting: LHB John Hansen 0-0: Ball
1-0: Swinging Strike
1-1: Ball
2-1: SINGLE (Groundball, 56D)
Ricardo Collazo scores
Batting: RHB Yoshihiro Iwasaki 0-0: Ball
1-0: Swinging Strike
1-1: Fly out, F8 (Flyball, 78D)
Top of the 1st over - 2 runs, 3 hits, 0 errors, 1 left on base; Key West 2 - Bloomington 0
BOTTOM OF THE 1ST
Bloomington Longnecks batting - Pitching for Key West Coral Reefers : RHP Rich Choquette
Pitching: RHP Rich Choquette
Batting: RHB Barrett Drury 0-0: Swinging Strike
0-1: Ball
1-1: Ground out 5-3 (Groundball, 56S)
Batting: RHB Toussiant L'Ouverture 0-0: Swinging Strike
0-1: Called Strike
0-2: Ball
1-2: Fly out, F9 (Line Drive, 89D)
Batting: LHB Marshall Willis 0-0: Foul Ball, location: 2F
0-1: Ball
1-1: Ball
2-1: Ball
3-1: Foul Ball, location: 2F
3-2: Base on Balls
Batting: RHB Martín Martínez 0-0: Foul Ball, location: 2F
0-1: Ball
1-1: Ball
2-1: Swinging Strike
2-2: Strikes out swinging
Bottom of the 1st over - 0 runs, 0 hits, 0 errors, 1 left on base; Key West 2 - Bloomington 0
TOP OF THE 2ND
Key West Coral Reefers batting - Pitching for Bloomington Longnecks : RHP Pedro Lara
Batting: RHB Miguel Montoya 0-0: Ball
1-0: Fly out, F6 (Popup, 6M)
Batting: SHB Jeff Lowe 0-0: Ball
1-0: Ball
2-0: Ball
3-0: Called Strike
3-1: Foul Ball, location: 2F
3-2: Strikes out looking
Batting: RHB Kenneth Noid 0-0: Ball
1-0: Ball
2-0: Called Strike
2-1: Ball
3-1: Swinging Strike
3-2: Base on Balls
Batting: SHB Juan Torres 0-0: Called Strike
0-1: Ball
1-1: Foul Ball, location: 2F
1-2: Ball
2-2: Foul Ball, location: 2F
2-2: Ground out 6-3 (Groundball, 6D)
Top of the 2nd over - 0 runs, 0 hits, 0 errors, 1 left on base; Key West 2 - Bloomington 0
BOTTOM OF THE 2ND
Bloomington Longnecks batting - Pitching for Key West Coral Reefers : RHP Rich Choquette
Batting: RHB Bubba Blevins 0-0: Swinging Strike
0-1: Ball
1-1: Fly out, F7 (Flyball, 78S)
Batting: RHB Chet Hollis 0-0: Ball
1-0: SINGLE (Groundball, 6MD)
Batting: RHB Bastiaan Pieterse 0-0: Ball
1-0: Swinging Strike
1-1: Ball
2-1: Fly out, F9 (Flyball, 89S)
Batting: RHB Gabrio Campoverde 0-0: Called Strike
Chet Hollis steals 2nd base
0-1: Foul Ball, location: 2F
0-2: Ball
1-2: Foul Ball, location: 2F
1-2: Foul Ball, location: 2F
1-2: Ball
2-2: Foul Ball, location: 2F
2-2: Fly out, F9 (Flyball, 9)
Bottom of the 2nd over - 0 runs, 1 hit, 0 errors, 1 left on base; Key West 2 - Bloomington 0
TOP OF THE 3RD
Key West Coral Reefers batting - Pitching for Bloomington Longnecks : RHP Pedro Lara
Batting: RHB Quindarious Monday 0-0: Called Strike
0-1: Foul Ball, location: 2F
0-2: Ball
1-2: Ball
2-2: Fly out, F9 (Flyball, 9LSF)
Batting: LHB Ricardo Collazo 0-0: Foul Ball, location: 2F
0-1: Ground out 5-3 (Groundball, 5S)
Batting: SHB Dave Atkins 0-0: Ball
1-0: Ball
2-0: Swinging Strike
2-1: SINGLE (Groundball, 4D)
Batting: LHB John Hansen 0-0: Foul Ball, location: 2F
0-1: Ground out 4-3 (Groundball, 34)
Top of the 3rd over - 0 runs, 1 hit, 0 errors, 1 left on base; Key West 2 - Bloomington 0
BOTTOM OF THE 3RD
Bloomington Longnecks batting - Pitching for Key West Coral Reefers : RHP Rich Choquette
Batting: RHB Mark Smiley 0-0: Swinging Strike
0-1: Ball
1-1: Ball
2-1: Ball
3-1: Base on Balls
Batting: RHB Barrett Drury 0-0: Fly out, F8 (Flyball, 89M)
Batting: RHB Toussiant L'Ouverture 0-0: Called Strike
0-1: Swinging Strike
0-2: Strikes out swinging
Batting: LHB Marshall Willis Pickoff Throw to First - Out!
Bottom of the 3rd over - 0 runs, 0 hits, 0 errors, 0 left on base; Key West 2 - Bloomington 0
TOP OF THE 4TH
Key West Coral Reefers batting - Pitching for Bloomington Longnecks : RHP Pedro Lara
Batting: RHB Yoshihiro Iwasaki 0-0: Ground out 5-3 (Groundball, 56S)
Batting: RHB Miguel Montoya 0-0: Ball
1-0: Ball
2-0: Foul Ball, location: 2F
2-1: Ball
3-1: Base on Balls
Batting: SHB Jeff Lowe 0-0: Ball
Miguel Montoya steals 2nd base
1-0: Ball
2-0: Fly out, F5 (Popup, 5L)
Batting: RHB Kenneth Noid 0-0: Ball
1-0: Foul Ball, location: 2F
1-1: SINGLE (Groundball, 56D)
Miguel Montoya to third
Runner from 3rd tries for Home, SAFE, throw made home
Batting: SHB Juan Torres 0-0: Ball
1-0: Ball
2-0: Ball
Wild Pitch!
Kenneth Noid to second
3-0: Called Strike
3-1: Ground out 4-3 (Groundball, 4M)
Top of the 4th over - 1 run, 1 hit, 0 errors, 1 left on base; Key West 3 - Bloomington 0
BOTTOM OF THE 4TH
Bloomington Longnecks batting - Pitching for Key West Coral Reefers : RHP Rich Choquette
Batting: LHB Marshall Willis 0-0: Ball
1-0: Called Strike
1-1: Ball
2-1: Foul Ball, location: 2F
2-2: Foul Ball, location: 2F
2-2: SINGLE (Line Drive, 9S)
Batting: RHB Martín Martínez 0-0: Called Strike
0-1: Swinging Strike
0-2: Strikes out swinging
Marshall Willis is caught stealing 2nd base
Batter strikes out.
Batting: RHB Bubba Blevins 0-0: Called Strike
0-1: Ground out 5-3 (Groundball, 5L)
Bottom of the 4th over - 0 runs, 1 hit, 0 errors, 0 left on base; Key West 3 - Bloomington 0
TOP OF THE 5TH
Key West Coral Reefers batting - Pitching for Bloomington Longnecks : RHP Pedro Lara
Batting: RHB Quindarious Monday 0-0: Called Strike
0-1: Called Strike
0-2: Ball
1-2: Ball
2-2: Foul Ball, location: 2F
2-2: Ball
3-2: Base on Balls
Batting: LHB Ricardo Collazo 0-0: Ball
1-0: Foul Ball, location: 2F
1-1: Ball
2-1: Fly out, F5 (Popup, 5F)
Batting: SHB Dave Atkins 0-0: Ball
1-0: Ball
2-0: Ball
3-0: Called Strike
3-1: Fly out, F6 (Popup, 6D)
Batting: LHB John Hansen 0-0: Ball
1-0: Ball
2-0: SINGLE (Groundball, 34D)
Quindarious Monday to second
Runner from 2nd tries for 3rd, SAFE, no throw
Pitching: LHP Song-saeng Kim
Batting: RHB Yoshihiro Iwasaki 0-0: Ball
1-0: Called Strike
1-1: Foul Ball, location: 2F
1-2: Ball
2-2: Strikes out swinging
Top of the 5th over - 0 runs, 1 hit, 0 errors, 2 left on base; Key West 3 - Bloomington 0
BOTTOM OF THE 5TH
Bloomington Longnecks batting - Pitching for Key West Coral Reefers : RHP Rich Choquette
Batting: RHB Chet Hollis 0-0: Ground out 4-3 (Groundball, 4)
Pitching: RHP Juan Rodríguez
Batting: RHB Bastiaan Pieterse 0-0: Ball
1-0: Called Strike
1-1: Ball
2-1: SINGLE (Groundball, 15S) (infield hit)
Batting: RHB Gabrio Campoverde 0-0: Called Strike
0-1: Ball
1-1: Swinging Strike
1-2: Ball
2-2: Foul Ball, location: 2F
2-2: Grounds into double play, 4-6-3 (Groundball, 4)
Bottom of the 5th over - 0 runs, 1 hit, 0 errors, 0 left on base; Key West 3 - Bloomington 0
TOP OF THE 6TH
Key West Coral Reefers batting - Pitching for Bloomington Longnecks : LHP Song-saeng Kim
Batting: RHB Miguel Montoya 0-0: Ball
1-0: Ball
2-0: Called Strike
2-1: Ball
3-1: Swinging Strike
3-2: Base on Balls
Batting: SHB Jeff Lowe 0-0: Bunted foul
0-1: Sac Bunt - play at first, batter OUT! 5-4
Miguel Montoya to second
Batting: RHB Kenneth Noid 0-0: Called Strike
Miguel Montoya steals 3rd base
0-1: Swinging Strike
0-2: Strikes out looking
Batting: SHB Juan Torres 0-0: Ball
1-0: Foul Ball, location: 2F
1-1: Ball
2-1: Ball
3-1: Base on Balls
Batting: RHB Quindarious Monday 0-0: Fly out, F8 (Flyball, 8RXD)
Top of the 6th over - 0 runs, 0 hits, 0 errors, 2 left on base; Key West 3 - Bloomington 0
BOTTOM OF THE 6TH
Bloomington Longnecks batting - Pitching for Key West Coral Reefers : RHP Juan Rodríguez
Batting: RHB Mark Smiley 0-0: Ball
1-0: Called Strike
1-1: Ball
2-1: Called Strike
2-2: Strikes out swinging
Batting: RHB Barrett Drury 0-0: Ball
1-0: Foul Ball, location: 2F
1-1: Ground out 5-3 (Groundball, 5L)
Batting: RHB Toussiant L'Ouverture 0-0: SINGLE (Flyball, 9LS)
Batting: LHB Marshall Willis 0-0: Called Strike
0-1: Ball
1-1: Fly out, F6 (Popup, 6M)
Bottom of the 6th over - 0 runs, 1 hit, 0 errors, 1 left on base; Key West 3 - Bloomington 0
TOP OF THE 7TH
Key West Coral Reefers batting - Pitching for Bloomington Longnecks : LHP Song-saeng Kim
Batting: LHB Ricardo Collazo 0-0: Ball
1-0: Swinging Strike
1-1: Swinging Strike
1-2: Strikes out swinging
Batting: SHB Dave Atkins 0-0: Ball
1-0: Ball
2-0: Ball
3-0: Called Strike
3-1: Base on Balls
Batting: LHB John Hansen 0-0: Ball
1-0: Ball
2-0: Ball
3-0: Foul Ball, location: 2F
3-1: Base on Balls
Dave Atkins to second
Batting: RHB Yoshihiro Iwasaki 0-0: Called Strike
0-1: Ball
1-1: Fly out, F7 (Flyball, 78S)
Batting: RHB Miguel Montoya 0-0: Ball
1-0: Swinging Strike
1-1: Fly out, F7 (Flyball, 7LSF)
Top of the 7th over - 0 runs, 0 hits, 0 errors, 2 left on base; Key West 3 - Bloomington 0
BOTTOM OF THE 7TH
Bloomington Longnecks batting - Pitching for Key West Coral Reefers : RHP Juan Rodríguez
Batting: RHB Martín Martínez 0-0: Foul Ball, location: 2F
0-1: Ball
1-1: Foul Ball, location: 2F
1-2: Strikes out swinging
Batting: RHB Bubba Blevins 0-0: Ball
1-0: Ball
2-0: Foul Ball, location: 2F
2-1: Ball
3-1: Foul Ball, location: 2F
3-2: DOUBLE (Line Drive, 7LD)
Pitching: RHP Rex Hood
Batting: RHB Chet Hollis 0-0: Ball
1-0: Called Strike
1-1: Ball
2-1: Ball
3-1: Base on Balls
Batting: RHB Bastiaan Pieterse 0-0: Ball
1-0: Called Strike
1-1: Fly out, F3 (Popup, 3S)
Batting: RHB Gabrio Campoverde 0-0: Called Strike
0-1: Ball
1-1: Foul Ball, location: 2F
1-2: Ball
2-2: Foul Ball, location: 2F
2-2: Fielders Choice at 2nd, 6-4 (Groundball, 6)
Bottom of the 7th over - 0 runs, 1 hit, 0 errors, 2 left on base; Key West 3 - Bloomington 0
TOP OF THE 8TH
Key West Coral Reefers batting - Pitching for Bloomington Longnecks : LHP Song-saeng Kim
Batting: SHB Jeff Lowe 0-0: Ball
1-0: Called Strike
1-1: Ball
2-1: Foul Ball, location: 2F
2-2: Ground out 5-3 (Groundball, 56S)
Batting: RHB Kenneth Noid 0-0: Ball
1-0: Ball
2-0: Ball
3-0: Base on Balls
Batting: SHB Juan Torres 0-0: Called Strike
0-1: Ball
1-1: Called Strike
1-2: Strikes out swinging
Batting: RHB Quindarious Monday 0-0: Ball
1-0: Ball
2-0: Called Strike
2-1: Foul Ball, location: 2F
2-2: Ball
3-2: Base on Balls
Kenneth Noid to second
Pitching: LHP Jesús Medina
Batting: LHB Ricardo Collazo 0-0: Called Strike
0-1: Ball
1-1: Foul Ball, location: 2F
1-2: Foul Ball, location: 2F
1-2: Foul Ball, location: 2F
1-2: Strikes out swinging
Top of the 8th over - 0 runs, 0 hits, 0 errors, 2 left on base; Key West 3 - Bloomington 0
BOTTOM OF THE 8TH
Bloomington Longnecks batting - Pitching for Key West Coral Reefers : RHP Rex Hood
Batting: RHB Mark Smiley 0-0: SINGLE (Flyball, 9S)
Batting: RHB Barrett Drury 0-0: Called Strike
0-1: Ball
1-1: Called Strike
1-2: Ball
2-2: Fly out, F3 (Popup, 34S)
Batting: RHB Toussiant L'Ouverture 0-0: Ball
1-0: Foul Ball, location: 2F
1-1: Called Strike
1-2: Strikes out swinging
Batting: LHB Marshall Willis 0-0: Ball
1-0: Called Strike
1-1: Swinging Strike
1-2: Ball
2-2: Strikes out swinging
Bottom of the 8th over - 0 runs, 1 hit, 0 errors, 1 left on base; Key West 3 - Bloomington 0
TOP OF THE 9TH
Key West Coral Reefers batting - Pitching for Bloomington Longnecks : LHP Jesús Medina
Batting: SHB Dave Atkins 0-0: Called Strike
0-1: Called Strike
0-2: Ball
1-2: Strikes out looking
Batting: LHB John Hansen 0-0: Fly out, F9 (Flyball, 89M)
Batting: RHB Yoshihiro Iwasaki 0-0: Ball
1-0: SINGLE (Line Drive, 8RS)
Batting: RHB Miguel Montoya 0-0: Ball
1-0: Ball
2-0: Called Strike
2-1: Fielders Choice at 2nd, 5-4 (Groundball, 56)
Top of the 9th over - 0 runs, 1 hit, 0 errors, 1 left on base; Key West 3 - Bloomington 0
BOTTOM OF THE 9TH
Bloomington Longnecks batting - Pitching for Key West Coral Reefers : RHP Rex Hood
Pitching: LHP Joe Khokar
Batting: RHB Martín Martínez 0-0: Ball
1-0: Swinging Strike
1-1: Called Strike
1-2: Foul Ball, location: 2F
1-2: Ball
2-2: Strikes out swinging
Batting: RHB Bubba Blevins 0-0: Ground out 6-3 (Groundball, 6M)
Batting: RHB Chet Hollis 0-0: Fly out, F6 (Line Drive, 6)
Bottom of the 9th over - 0 runs, 0 hits, 0 errors, 0 left on base; Key West 3 - Bloomington 0
Wednesday, September 19th, 2018 - OOTP Baseball 18.8 Build 76